 Dungeon Crawl Stone Soup version 0.30-a0-782-ge64f9170bb (webtiles) character file.

Game seed: 9624584872204696919

196 Barriton the Slasher (level 5, -2/69 HPs)
             Began as a Draconian Berserker on Mar 7, 2023.
             Was a Believer of Trog.
             Slain by a gnoll
             ... wielding a +0 club
              (5 damage)
             ... on level 3 of the Dungeon.
             The game lasted 00:02:44 (2354 turns).

Barriton the Slasher (Draconian Berserker)          Turns: 2354, Time: 00:02:45

Health: -2/69      AC:  5    Str: 20    XL:     5   Next: 46%
Magic:  5/5        EV: 12    Int:  7    God:    Trog [**....]
Gold:   155        SH:  3    Dex: 12    Spells: 4/4 levels left

rFire   . . .      SeeInvis .    a - +0 falchion
rCold   . . .      Faith    .    c - +0 buckler
rNeg    . . .      Spirit   .    (body armour unavailable)
rPois   .          Reflect  .    (helmet restricted)
rElec   .          Harm     .    (no cloak)
rCorr   .          Rampage  .    (no gloves)
Will    .....                    (no boots) Stlth
                                 (no amulet)
HPRegen 0.31/turn                (no ring)
MPRegen 0.09/turn                (no ring)

@: berserking (expiring), very quick
A: AC +5, unfitting armour, cold-blooded
a: Renounce Religion, Berserk, Trog's Hand


You were on level 3 of the Dungeon.
You worshipped Trog.
Trog was pleased with you.
You visited 1 branch of the dungeon, and saw 3 of its levels.

You collected 155 gold pieces.

Inventory:

Hand Weapons
 a - a +0 falchion (weapon)
Armour
 c - a +0 buckler (worn)
Scrolls
 e - 2 scrolls of teleportation
 g - a scroll of enchant armour {unknown}
 h - a scroll of identify
Potions
 b - 2 potions of brilliance
 d - a potion of haste {unknown}
 f - a potion of lignification {unknown}
 j - a potion of cancellation {unknown}


   Skills:
 + Level 4.1 Fighting
 + Level 4.8 Long Blades
 + Level 3.6 Dodging
 + Level 0.4 Stealth
 + Level 1.0 Shields


You had 4 spell levels left.
You didn't know any spells.
Your spell library was empty.

Dungeon Overview and Level Annotations

Branches:
Dungeon (3/15)

Altars:


Innate Abilities, Weirdness & Mutations

Your plain brown scales are hard. (AC +5)
You cannot fit into any form of body armour.
You are cold-blooded and may be slowed by cold attacks.


Message History

The gnoll shouts!
A quokka comes into view.
You block the gnoll's attack.
A goblin comes into view. It is wielding a +0 club.
You barely miss the gnoll.
The goblin shouts!
The gnoll barely misses you. The gnoll misses you.
The gnoll hits you but does no damage. The gnoll hits you with a +0 club!
You closely miss the gnoll.
Your tail-slap misses the gnoll.
The gnoll hits you with a +0 club. You block the gnoll's attack.
The gnoll hits you with a +0 whip. The goblin barely misses you.
The goblin attacks as you move away! The goblin hits you with a +0 club.
The gnoll attacks as you move away! The gnoll misses you.
The gnoll hits you with a +0 club.
The gnoll throws a throwing net.
The throwing net hits you.
You become entangled in the net!
The gnoll hits you with a +0 club.
You see here a throwing net.
You struggle against the net.
The goblin hits you but does no damage. The gnoll hits you with a +0 club. x2
You tear a large gash into the net.
The goblin hits you with a +0 club. The gnoll hits you but does no damage.
The gnoll hits you with a +0 club.
* * * LOW HITPOINT WARNING * * *
A red film seems to cover your vision as you go berserk!
You feel yourself moving faster!
You feel mighty! The gnoll hits you with a +0 club.
* * * LOW HITPOINT WARNING * * *
The goblin barely misses you. The gnoll barely misses you.
You are too injured to fight recklessly!
You are too injured to fight recklessly!
You are too injured to fight recklessly!
You struggle against the net.
You feel a strong urge to attack something.
You rip the net and break free!
The goblin hits you with a +0 club.
* * * LOW HITPOINT WARNING * * *
The gnoll hits you with a +0 club!
* * * LOW HITPOINT WARNING * * *
The gnoll barely misses you.
You completely miss the gnoll. The gnoll hits you with a +0 club.
You die...

#.###..#........
##...###.##......r
##.###..#.#.._..#
####.##....#......
#.......#.#...#.#
#.##.##.#........ #
#.##.##...#...### .##
#.##......#..#gg#...#..
#.####........@gg.....#
#.####..#####.##r#.#..#
#.....).### #.# ...
###.......# #.# ##.#
#.##.≈#.#.... .#
#.#..≈#...... # ###
####...~≈........ #..
..#....≈#....... #.#
#.#.~..≈#.#..... ###.#


You could see 3 gnolls, a quokka and a goblin.

Vanquished Creatures
  A scorpion (D:3)
  A hound (D:3)
  Ijyb (D:3)
  2 adders (D:2)
  A worm (D:2)
  5 bats
  2 endoplasms (D:1)
  11 hobgoblins
  6 jackals (D:2)
  5 kobolds (D:1)
  4 quokkas
  4 ball pythons
  5 frilled lizards
  4 goblins (D:1)
  7 rats
59 creatures vanquished.

Notes
Turn   | Place    | Note
-------+----------+-------------------------------------------
     0 | D:1      | Barriton the Draconian Berserker began the quest for the
                  | Orb.
     0 | D:1      | Reached XP level 1. HP: 19/19 MP: 1/1
   108 | D:1      | Reached XP level 2. HP: 24/26 MP: 2/2
   549 | D:1      | Reached XP level 3. HP: 27/31 MP: 3/3
   578 | D:1      | Reached ** piety under Trog
  1345 | D:2      | Reached XP level 4. HP: 40/40 MP: 4/4
  1975 | D:3      | Noticed Ijyb
  2014 | D:3      | Killed Ijyb
  2015 | D:3      | Reached XP level 5. HP: 10/46 MP: 5/5
  2147 | D:3      | Found a faded altar of an unknown god.
  2165 | D:3      | Reached skill level 1 in Shields
  2353 | D:3      | HP: 3/69 [gnoll/+0 club (7)]
  2354 | D:3      | Slain by a gnoll

Illustrated notes

Levels and vault maps discovered:
D:1:      minmay_arrival_open_corners, layout_loops_ring, minmay_close_crescents
D:2:      layout_basic, bh_walls_and_bars
D:3:      minmay_angry_zag, layout_loops_cross, serial_rivers,
          chequers_serial_rivers_small_b, chequers_serial_rivers_small_b,
          chequers_serial_rivers_micro_e, chequers_serial_rivers_room_b,
          hellmonk_ecumenical_altar_blasted, uniq_ijyb

Skill      XL: |  1  2  3  4  5 |
---------------+----------------+-----
Dodging        | 3 |  3.6
Long Blades    | 4 |  4.8
Fighting       | 4 |  4.1
Shields        | 1 |  1.0
Stealth        | |  0.4

Action                     |  1- 3 |  4- 6 || total
---------------------------+-------+-------++-------
  Melee: Falchion          |   161 |    73 ||   234
         Tailslap          |     7 |     9 ||    16
 Invoke: Berserk           |       |     2 ||     2
    Use: Scroll            |     2 |     3 ||     5
   Stab: Distracted        |     1 |       ||     1
 Armour: Skin              |    78 |    28 ||   106
  Dodge: Dodged            |   119 |    58 ||   177
  Block: Buckler           |    25 |    10 ||    35

Table legend: (Time is in decaauts)
 A = Elapsed time spent in this place.
 B = Non-inter-level travel time spent in this place.
 C = Inter-level travel time spent in this place.
 D = Time resting spent in this place.
 E = Time spent auto-exploring this place.
 F = Levels seen in this place.
 G = Mean time per level.
                   A        B        C        D        E       F      G
               +--------+--------+--------+--------+--------+-----+--------+
         Total |   2407 |   2386 |     21 |     22 |   1815 |   3 |  802.3 |
       Dungeon |   2407 |   2386 |     21 |     22 |   1815 |   3 |  802.3 |
               +--------+--------+--------+--------+--------+-----+--------+

Top non-repeatable levels by time:
     D:2: 984 daAuts
     D:1: 889 daAuts
     D:3: 533 daAuts
